 Dungeon Crawl Stone Soup version 0.31-a0-145-g046c7d2549 (webtiles) character file.

Game seed: 7875822031622146505

100 NateTC the Ruffian (level 4, -19/45 HPs)
             Began as a Troll Fighter on June 6, 2023.
             Demolished by an ogre
             ... wielding a +0 giant spiked club
              (27 damage)
             ... on level 2 of the Dungeon.
             The game lasted 00:02:08 (1472 turns).

NateTC the Ruffian (Troll Fighter)                  Turns: 1472, Time: 00:02:09

Health: -19/45     AC: 12    Str: 24    XL:     4   Next: 46%
Magic:  3/3        EV: 11    Int:  6    God:
Gold:   121        SH:  7    Dex:  9    Spells: 3/3 levels left

rFire   . .          .
                       - Unarmed
rCold   . . .        b - +0 kite shield
rNeg    + . .        j - +0 pearl dragon scales
rPois   .            (helmet restricted)
rElec   .            (no cloak)
rCorr   .            (gloves unavailable)
SInv    .            (boots unavailable)
Will    .....        (no amulet) Stlth
                     f - +5 ring of evasion
HPRegen 1.07/turn    (no ring)
MPRegen 0.08/turn

%: no passive effects
@: mighty
A: large, unfitting armour, claws 3, regeneration 1, shaggy fur 1, tough skin 1
a: no special abilities


You were on level 2 of the Dungeon.
You visited 1 branch of the dungeon, and saw 2 of its levels.

You collected 121 gold pieces.

Inventory:

Armour
 a - a +0 robe
 b - a +0 kite shield (worn)
 j - +0 pearl dragon scales (worn)
Jewellery
 f - a +5 ring of evasion (left claw)
Scrolls
 d - a scroll of enchant weapon {unknown}
 e - 2 scrolls of identify
 g - a scroll of teleportation
Potions
 i - 2 potions of curing


   Skills:
 + Level 3.0 Fighting
 - Level 2.4 Dodging
 + Level 3.3 Shields
 * Level 3.6 Unarmed Combat


You had 3 spell levels left.
You didn't know any spells.
Your spell library was empty.

Dungeon Overview and Level Annotations

Branches:
Dungeon (2/15) Zot: 10518

Altars:

Shops:
D:2 !


Innate Abilities, Weirdness & Mutations

You are too large for most types of armour.
You have claws for hands.
Your natural rate of healing is unusually fast.
You are covered in fur. (AC +1)
You have tough skin. (AC +1)


Message History

There is an open door here.
Found a stone staircase leading up.
No target in view!
Found a dagger.
No target in view!
There is a stone staircase leading up here.
A rat comes into view.
A rat is nearby!
The rat barely misses you.
You claw the rat!
You kill the rat!
You see here a rat corpse.
There is an open door here.
There is an open door here.
An ogre comes into view. It is wielding a +0 giant spiked club.
The ogre shouts!
The ogre barely misses you.
You scratch the ogre.
The ogre is lightly wounded.
An ogre is nearby!
You scratch the ogre.
The ogre is lightly wounded.
The ogre hits you with a +0 giant spiked club.
An ogre is nearby!
You scratch the ogre but do no damage.
The ogre is lightly wounded.
The ogre hits you with a +0 giant spiked club!
You scratch the ogre.
The ogre is moderately wounded.
The ogre hits you with a +0 giant spiked club!
You completely miss the ogre.
The ogre is moderately wounded.
You feel very mighty all of a sudden.
The ogre hits you with a +0 giant spiked club!!
* * * LOW HITPOINT WARNING * * *
You barely miss the ogre.
The ogre is moderately wounded.
The ogre hits you with a +0 giant spiked club!!
Ouch! That really hurt!
You die...

#######.####.....##
##.....##
#........# #.....#
##...## #.#####..#
#.....# ##'## #.#
#....# #.....# #.#
#.# #.##.# ###.###
##### #.# #.#
#.##.# #.#
......#.##
#.###.##.# #.#
###.....###
##...)....# #.##
#...........
.......#### #.#@#
#>##.....###
######## #.###O.#
#..#.## ## .....
#..### #.........
#########


You could see an ogre.

Vanquished Creatures
  Terence (D:2)
  3 adders (D:2)
  A worm (D:2)
  2 dart slugs (D:2)
  7 ball pythons
  3 bats
  An endoplasm (D:1)
  A giant cockroach (D:2)
  2 hobgoblins (D:2)
  7 kobolds
  2 quokkas (D:1)
  4 frilled lizards
  5 goblins
  8 rats
47 creatures vanquished.

Notes
Turn   | Place    | Note
-------+----------+-------------------------------------------
     0 | D:1      | NateTC the Troll Fighter began the quest for the Orb.
     0 | D:1      | Reached XP level 1. HP: 22/22 MP: 0/0
   134 | D:1      | Reached XP level 2. HP: 29/29 MP: 1/1
   418 | D:1      | Found a faded altar of an unknown god.
   726 | D:2      | Found Dyaphas's Distillery.
   749 | D:2      | Reached XP level 3. HP: 36/36 MP: 2/2
   762 | D:2      | Noticed Terence
   772 | D:2      | Killed Terence
   779 | D:2      | Reached XP level 4. HP: 44/44 MP: 3/3
  1464 | D:2      | Noticed an ogre
  1472 | D:2      | Demolished by an ogre

Illustrated notes

Levels and vault maps discovered:
D:1:      onia_arrival_mini_maze, layout_rooms, serial_corexii_hall,
          corexii_hall_statues_x, corexii_hall_statues_i,
          chequers_hall_statues_wall_a, chequers_hall_statues_corner_a,
          shapermc_ecumenical_altar_acropolis
D:2:      layout_loops_corners, serial_shops, nicolae_shop_stone,
          dreamdust_princess_corridor, uniq_terence

Skill      XL: |  1  2  3  4 |
---------------+-------------+-----
Shields        | 3 |  3.3
Unarmed Combat | 3 |  3.6
Fighting       | 3 |  3.0
Dodging        | |  2.4

Action                     |  1- 3 |  4- 6 || total
---------------------------+-------+-------++-------
  Melee: Unarmed           |    93 |    41 ||   134
    Use: Scroll            |     5 |       ||     5
         Potion            |       |     1 ||     1
 Armour: Robe              |    14 |       ||    14
         Pearl dragon scal |    12 |     8 ||    20
  Dodge: Dodged            |    39 |    13 ||    52
  Block: Kite shield       |    41 |    10 ||    51

Table legend: (Time is in decaauts)
 A = Elapsed time spent in this place.
 B = Non-inter-level travel time spent in this place.
 C = Inter-level travel time spent in this place.
 D = Time resting spent in this place.
 E = Time spent auto-exploring this place.
 F = Levels seen in this place.
 G = Mean time per level.
                   A        B        C        D        E       F      G
               +--------+--------+--------+--------+--------+-----+--------+
         Total |   1480 |   1467 |     13 |      0 |   1164 |   2 |  740.0 |
       Dungeon |   1480 |   1467 |     13 |      0 |   1164 |   2 |  740.0 |
               +--------+--------+--------+--------+--------+-----+--------+

Top non-repeatable levels by time:
     D:2: 787 daAuts
     D:1: 693 daAuts
